 Dungeon Crawl Stone Soup version 0.30.0-10-gfe55d96785 (webtiles) character file.

Game seed: 3017423642469765046

32 ProzacElf the Sneak (level 3, 0/24 HPs)
             Began as a Demonspawn Wanderer on May 14, 2023.
             Succumbed to an adder's poison
             ... on level 2 of the Dungeon.
             The game lasted 00:01:59 (670 turns).

ProzacElf the Sneak (Demonspawn Wanderer)            Turns: 670, Time: 00:01:59

Health: 0/24       AC:  3    Str: 13    XL:     3   Next: 8%
Magic:  4/4        EV: 11    Int: 12    God:
Gold:   33         SH:  4    Dex: 14    Spells: 3/4 levels left

rFire   . . .        a - +0 quarterstaff
rCold   . . .        (shield currently unavailable)
rNeg    . . .        d - +0 robe
rPois   .            b - +0 helmet
rElec   .            (no cloak)
rCorr   .            (no gloves)
SInv    .            (no boots)
Will    .....        (no amulet)
Stlth   ++           (no ring)
HPRegen 0.24/turn    (no ring)
MPRegen 0.09/turn

%: no passive effects
@: lethally poisoned (0 -> -1), studying Shields
A: condensation shield
a: no special abilities


You were on level 2 of the Dungeon.
You visited 1 branch of the dungeon, and saw 2 of its levels.

You collected 33 gold pieces.

Inventory:

Hand Weapons
 a - a +0 quarterstaff (weapon)
Armour
 b - a +0 helmet (worn)
 d - a +0 robe (worn)
 f - a +0 scale mail
Scrolls
 c - a scroll of teleportation
 e - a scroll of brand weapon {unknown}
 g - a scroll of blinking {unknown}
 h - 2 scrolls of enchant weapon {unknown}


   Skills:
 + Level 2.6 Staves
 - Level 1.0 Dodging
 + Level 2.7 Stealth
 - Level 1.0 Spellcasting
 - Level 2.6 Translocations
 - Level 1.0 Evocations


You had 3 spell levels left.
You knew the following spells:

 Your Spells              Type           Power      Damage    Failure   Level
p - Apportation           Tloc           14%        N/A       10%         1

Your spell library contained the following spells:

 Spells                   Type           Power      Damage    Failure   Level
 Gell's Gravitas          Tloc           7%         N/A       30%         3
 Vhi's Electric Charge    Tloc/Air       6%         N/A       45%         3
 Alistair's Intoxication  Tmut/Pois      0%         N/A       100%        5


Dungeon Overview and Level Annotations

Branches:
Dungeon (2/15)

Altars:
Dithmenos


Innate Abilities, Weirdness & Mutations

A meltable shield of frost defends you. (SH +4)


Message History

Tha adder be heavily wounded.
Tha adder bites ye.
Ye block tha adder's attack.
Ye take 3 damage, an' haf 8/19 hp.
Ye be too injured ta fight recklessly!
Ye be too injured ta fight recklessly!
Ye be too injured ta fight recklessly!
Ye be too injured ta fight recklessly!
Ye closely miss tha adder.
Tha adder be heavily wounded.
Tha adder bites ye.
Ye be poison'd.
Tha adder poisons ye!
Tha adder closely misses ye.
Ye take 2 damage, an' haf 6/19 hp.
Ye ar'n't carryin' any potions.
Ye hit tha adder.
Tha adder be almost dead.
* * * LOW HITPOINT WARNIN'
* * * Ye feel sick.
Tha adder misses ye.
Ye take 1 damage, an' haf 5/19 hp.
Ye barely miss tha adder.
Tha adder be almost dead.
Ye feel sick.
Tha adder bites ye.
* * * LOW HITPOINT WARNIN'
* * * Tha adder bites ye but does nay damage.
Ye take 3 damage, an' haf 2/19 hp.
Ye barely miss tha adder.
Tha adder be almost dead.
* * * LOW HITPOINT WARNIN'
* * * Ye feel sick.
Tha adder bites ye but does nay damage.
Ye take 1 damage, an' haf 1/19 hp.
Ye hit tha adder.
Ye kill tha adder!
* * * LOW HITPOINT WARNIN'
* * * Ye feel sick.
Ye haf reached level 3!
Yer 'sperience leads ta an increase in yer attributes!
Increase (S)tr'ngth, (I)ntelligence, or (D)'sterity?
Ye feel stronger. x2
MP restored: 4 Ye die...

#######
##.....##
###.......##
####...)..$...#
....?..$.....#
#..._.......#
#.......†...#
#.....@....##
##.)........##
#............
#.?.......###
#)........###
#............
##.......###.
#......##
#.##..##


There were no monsters in sight!

Vanquished Creatures
  An adder (D:2)
  A worm (D:2)
  2 dart slugs (D:1)
  An endoplasm (D:1)
  A giant cockroach (D:1)
  A goblin (D:1)
  A hobgoblin (D:2)
  3 kobolds
  A ball python (D:1)
  2 bats (D:1)
  A frilled lizard (D:1)
  A rat (D:2)
16 creatures vanquished.

Notes
Turn   | Place    | Note
-------+----------+-------------------------------------------
     0 | D:1      | ProzacElf the Demonspawn Wanderer began the quest for the
                  | Orb.
     0 | D:1      | ProzacElf set off with the following items: a +0
                  | quarterstaff, a +0 helmet, a scroll of teleportation, a +0
                  | robe; and the following spell memorised: Apportation; and
                  | the following spells available to memorise: Gell's
                  | Gravitas, Vhi's Electric Charge.
     0 | D:1      | Reached XP level 1. HP: 13/13 MP: 2/2
   248 | D:1      | Gained mutation: A meltable shield of frost defends you.
                  | (SH +4) [demonic ancestry]
   248 | D:1      | Reached XP level 2. HP: 19/19 MP: 3/3
   651 | D:2      | Found a shadowy altar of Dithmenos.
   670 | D:2      | Reached XP level 3. HP: 1/24 MP: 4/4
   670 | D:2      | Succumbed to an adder's poison

Illustrated notes

Levels and vault maps discovered:
D:1:      minmay_arrival_four_circles, layout_loops_ring, serial_glass,
          glass_columns_b, glass_columns_a
D:2:      layout_rooms, basic_altar

Skill      XL: |  1 |
---------------+----+-----
Staves         | 2 |  2.6
Stealth        | 2 |  2.7
Dodging        | |  1.0
Spellcasting   | |  1.0
Translocations | |  2.6
Evocations     | |  1.0

Action                     || total
---------------------------++-------
  Melee: Quarterstaff      ||    56
   Stab: Sleeping          ||     4
 Armour: Robe              ||    11
  Dodge: Dodged            ||    26
  Block: Other             ||     8

Action                     || total
---------------------------++-------
  Melee: Quarterstaff      ||    56
   Stab: Sleeping          ||     4
 Armour: Robe              ||    11
  Dodge: Dodged            ||    26
  Block: Other             ||     8

Levels and vault maps discovered:
D:1:      minmay_arrival_four_circles, layout_loops_ring, serial_glass,
          glass_columns_b, glass_columns_a
D:2:      layout_rooms, basic_altar
